2321 views
Uploaded 2023-08-23 16:17:28
Game version 1.36 (6115)
23:19 long 4on4 ladder game on (8)Feralas_S2
Saved by DKnight
2321 views
Uploaded 2023-08-23 16:17:28
Game version 1.36 (6115)
23:19 long 4on4 ladder game on (8)Feralas_S2


147 units @ 22.7k
/ 3.4k
62 buildings @ 10.6k
/ 4.3k



| Rod of Necromancy | 2 | 300 |
| Sacrificial Skull | 1 | 50 |
| Orb of Corruption | 3 | 1125 |
| Ritual Dagger | 2 | 250 |
| Scroll of Healing | 2 | 500 |
| Dust of Appearance | 1 | 75 |
| Scroll of Town Portal | 3 | 1050 |
| total: | 14 | 3350g |
| Acolyte | 10 | 750 | / | 0 |
| Ghoul | 5 | 600 | / | 0 |
| Crypt Fiend | 8 | 1720 | / | 320 |
| Frost Wyrm | 4 | 1540 | / | 480 |
| Abomination | 1 | 240 | / | 70 |
| Gargoyle | 2 | 350 | / | 60 |
| total: | 30 | 5200g | / | 930w |
| Nerubian Tower | 1 | 100 | / | 20 |
| Spirit Tower | 1 | 145 | / | 40 |
| Crypt | 1 | 200 | / | 50 |
| Ziggurat | 9 | 1350 | / | 450 |
| Graveyard | 1 | 215 | / | 0 |
| Altar of Darkness | 1 | 180 | / | 50 |
| Tomb of Relics | 1 | 130 | / | 30 |
| Necropolis | 1 | 225 | / | 0 |
| Slaughterhouse | 2 | 280 | / | 270 |
| Sacrificial Pit | 1 | 75 | / | 150 |
| Boneyard | 2 | 350 | / | 400 |
| Halls of the Dead | 1 | 320 | / | 210 |
| Black Citadel | 1 | 325 | / | 230 |
| total: | 19 | 3005g | / | 1400w |
| 0:04 | Acolyte |
| 0:05 | Acolyte |
| 0:11 | Crypt |
| 0:12 | Ziggurat |
| 0:30 | Graveyard |
| 0:47 | Altar of Darkness |
| 1:12 | Ghoul |
| 1:23 | Ziggurat |
| 1:28 | Ghoul |
| 1:55 | Tomb of Relics |
| 1:58 | Ghoul |
| 2:18 | Ghoul |
| 2:18 | Ghoul |
| 2:58 | Rod of Necromancy |
| 2:59 | Sacrificial Skull |
| 3:03 | Acolyte |
| 3:13 | Death Coil |
| 3:34 | Ziggurat |
| 3:47 | Ziggurat |
| 4:00 | Necropolis |
| 4:03 | Ziggurat |
| 4:07 | Acolyte |
| 4:11 | Acolyte |
| 4:33 | Unholy Aura |
| 4:51 | Acolyte |
| 4:52 | Acolyte |
| 4:52 | Acolyte |
| 4:55 | Nerubian Tower |
| 4:56 | Spirit Tower |
| 5:13 | Crypt Fiend |
| 5:43 | Halls of the Dead |
| 6:17 | Crypt Fiend |
| 6:17 | Crypt Fiend |
| 6:31 | Creature Attack |
| 6:31 | Creature Carapace |
| 6:34 | Ziggurat |
| 6:40 | Ziggurat |
| 7:19 | Crypt Fiend |
| 7:19 | Crypt Fiend |
| 7:55 | Crypt Fiend |
| 8:07 | Burrow |
| 8:10 | Black Citadel |
| 8:23 | Web |
| 9:04 | Death Coil |
| 9:18 | Improved Creature Attack |
| 9:18 | Improved Creature Carapace |
| 9:25 | Frost Nova |
| 10:41 | Crypt Fiend |
| 10:41 | Crypt Fiend |
| 10:49 | Boneyard |
| 10:51 | Boneyard |
| 10:56 | Ziggurat |
| 11:40 | Orb of Corruption |
| 11:40 | Scroll of Healing |
| 11:42 | Dust of Appearance |
| 12:02 | Impale |
| 12:05 | Frost Wyrm |
| 12:08 | Advanced Creature Attack |
| 12:08 | Advanced Creature Carapace |
| 13:10 | Frost Armor |
| 13:45 | Frost Wyrm |
| 13:46 | Freezing Breath |
| 13:49 | Ziggurat |
| 13:53 | Slaughterhouse |
| 14:06 | Slaughterhouse |
| 14:14 | Unholy Aura |
| 14:46 | Spiked Carapace |
| 15:32 | Rod of Necromancy |
| 15:33 | Ritual Dagger |
| 15:33 | Orb of Corruption |
| 15:33 | Scroll of Town Portal |
| 16:06 | Sacrificial Pit |
| 16:31 | Frost Nova |
| 16:35 | Disease Cloud |
| 17:51 | Impale |
| 18:17 | Frost Wyrm |
| 18:20 | Abomination |
| 18:23 | Scroll of Town Portal |
| 18:25 | Ritual Dagger |
| 18:43 | Acolyte |
| 18:43 | Acolyte |
| 18:48 | Death Coil |
| 19:06 | Unholy Armor |
| 19:07 | Unholy Strength |
| 19:43 | Gargoyle |
| 19:44 | Gargoyle |
| 20:05 | Frost Wyrm |
| 21:09 | Frost Armor |
| 21:57 | Orb of Corruption |
| 21:57 | Scroll of Healing |
| 21:58 | Scroll of Town Portal |
| 22:37 | Unholy Aura |
| Right click | 723 |
| Select | 309 |
| Select group | 240 |
| Chat | 109 |
| Build/train/purchase | 91 |
| Use ability | 50 |
| Assign group | 41 |
| Minimap ping | 9 |
| Item give/drop | 5 |
| Remove unit | 2 |
| Misc. action | 1 |


| Potion of Healing | 2 | 300 |
| Scroll of Town Portal | 3 | 1050 |
| total: | 5 | 1350g |
| Acolyte | 3 | 225 | / | 0 |
| Ghoul | 11 | 1320 | / | 0 |
| Crypt Fiend | 8 | 1720 | / | 320 |
| Gargoyle | 8 | 1400 | / | 240 |
| Meat Wagon | 2 | 460 | / | 100 |
| total: | 32 | 5125g | / | 660w |
| Spirit Tower | 6 | 870 | / | 240 |
| Altar of Darkness | 1 | 180 | / | 50 |
| Crypt | 2 | 400 | / | 100 |
| Ziggurat | 6 | 900 | / | 300 |
| Graveyard | 1 | 215 | / | 0 |
| Tomb of Relics | 1 | 130 | / | 30 |
| Necropolis | 1 | 225 | / | 0 |
| Slaughterhouse | 1 | 140 | / | 135 |
| Halls of the Dead | 1 | 320 | / | 210 |
| Black Citadel | 1 | 325 | / | 230 |
| total: | 13 | 2190g | / | 615w |
| 0:05 | Acolyte |
| 0:05 | Acolyte |
| 0:15 | Altar of Darkness |
| 0:22 | Crypt |
| 0:28 | Ziggurat |
| 0:56 | Ziggurat |
| 1:31 | Graveyard |
| 1:36 | Ghoul |
| 1:37 | Ghoul |
| 1:55 | Ziggurat |
| 2:10 | Tomb of Relics |
| 2:18 | Ghoul |
| 2:20 | Cannibalize |
| 2:22 | Vampiric Aura |
| 2:33 | Ghoul |
| 2:38 | Ghoul |
| 2:57 | Unholy Armor |
| 3:14 | Spirit Tower |
| 3:34 | Crypt Fiend |
| 3:43 | Unholy Strength |
| 4:15 | Crypt Fiend |
| 4:40 | Carrion Swarm |
| 4:56 | Ghoul |
| 4:57 | Ghoul |
| 6:30 | Halls of the Dead |
| 6:34 | Spirit Tower |
| 6:36 | Ghoul |
| 6:36 | Ghoul |
| 7:27 | Ghoul |
| 7:28 | Ghoul |
| 7:30 | Creature Carapace |
| 8:23 | Creature Attack |
| 8:25 | Spirit Tower |
| 8:29 | Ziggurat |
| 8:38 | Vampiric Aura |
| 9:20 | Ziggurat |
| 9:24 | Slaughterhouse |
| 9:31 | Crypt |
| 9:35 | Spirit Tower |
| 9:38 | Web |
| 9:53 | Potion of Healing |
| 9:54 | Scroll of Town Portal |
| 10:18 | Crypt Fiend |
| 10:24 | Spirit Tower |
| 10:33 | Acolyte |
| 10:43 | Gargoyle |
| 10:47 | Carrion Beetles |
| 11:07 | Gargoyle |
| 11:26 | Gargoyle |
| 11:56 | Gargoyle |
| 11:59 | Crypt Fiend |
| 13:14 | Black Citadel |
| 14:41 | Spiked Carapace |
| 14:50 | Ziggurat |
| 14:54 | Gargoyle |
| 14:55 | Gargoyle |
| 14:55 | Gargoyle |
| 14:55 | Gargoyle |
| 15:37 | Carrion Swarm |
| 15:52 | Scroll of Town Portal |
| 16:10 | Spirit Tower |
| 18:15 | Carrion Beetles |
| 18:52 | Scroll of Town Portal |
| 18:53 | Potion of Healing |
| 18:56 | Crypt Fiend |
| 18:56 | Crypt Fiend |
| 18:57 | Crypt Fiend |
| 20:11 | Necropolis |
| 20:33 | Meat Wagon |
| 20:33 | Meat Wagon |
| 21:05 | Crypt Fiend |
| Right click | 351 |
| Select | 244 |
| Build/train/purchase | 82 |
| Use ability | 26 |
| Remove unit | 1 |

| Moonstone | 1 | 50 |
| Orb of Venom | 1 | 325 |
| Potion of Healing | 1 | 150 |
| Dust of Appearance | 1 | 75 |
| Scroll of Town Portal | 4 | 1400 |
| Potion of Lesser Invulnerability | 1 | 150 |
| total: | 9 | 2150g |
| Wisp | 17 | 1020 | / | 0 |
| Hippogryph | 18 | 2880 | / | 360 |
| Druid of the Talon | 7 | 1015 | / | 140 |
| total: | 42 | 4915g | / | 500w |
| Moon Well | 4 | 720 | / | 160 |
| Altar of Elders | 1 | 180 | / | 50 |
| Ancient of Wonders | 1 | 90 | / | 30 |
| Tree of Life | 3 | 1020 | / | 555 |
| Hunter's Hall | 2 | 420 | / | 200 |
| Ancient of Wind | 2 | 300 | / | 280 |
| Tree of Ages | 1 | 320 | / | 180 |
| Tree of Eternity | 1 | 330 | / | 200 |
| total: | 13 | 2730g | / | 1275w |
| 0:02 | Wisp |
| 0:02 | Wisp |
| 0:02 | Wisp |
| 0:02 | Wisp |
| 0:24 | Moon Well |
| 0:42 | Altar of Elders |
| 0:57 | Wisp |
| 1:14 | Moon Well |
| 1:16 | Wisp |
| 1:29 | Wisp |
| 1:47 | Wisp |
| 1:47 | Wisp |
| 1:47 | Wisp |
| 1:47 | Wisp |
| 2:02 | Moon Well |
| 2:13 | Ancient of Wonders |
| 2:16 | Wisp |
| 2:40 | Immolation |
| 3:06 | Moon Well |
| 3:06 | Tree of Ages |
| 3:16 | Moonstone |
| 4:31 | Mana Burn |
| 4:35 | Tree of Life |
| 4:55 | Hunter's Hall |
| 6:09 | Dust of Appearance |
| 6:15 | Tree of Life |
| 6:17 | Tree of Eternity |
| 6:20 | Hunter's Hall |
| 7:42 | Ancient of Wind |
| 7:43 | Ancient of Wind |
| 8:04 | Strength of the Wild |
| 8:09 | Reinforced Hides |
| 8:51 | Wisp |
| 8:51 | Wisp |
| 8:51 | Wisp |
| 8:51 | Wisp |
| 8:51 | Wisp |
| 8:55 | Hippogryph |
| 8:55 | Hippogryph |
| 8:55 | Hippogryph |
| 9:01 | Mana Burn |
| 10:55 | Scroll of Town Portal |
| 10:56 | Orb of Venom |
| 10:59 | Hippogryph |
| 10:59 | Hippogryph |
| 11:24 | Druid of the Talon Adept Training |
| 12:41 | Druid of the Talon |
| 12:41 | Druid of the Talon |
| 14:19 | Druid of the Talon Master Training |
| 14:21 | Druid of the Talon |
| 14:21 | Druid of the Talon |
| 14:21 | Druid of the Talon |
| 15:10 | Improved Strength of the Wild |
| 15:10 | Improved Reinforced Hides |
| 15:35 | Mark of the Talon |
| 15:37 | Hippogryph |
| 15:37 | Hippogryph |
| 15:37 | Hippogryph |
| 16:13 | Hippogryph |
| 16:14 | Hippogryph |
| 16:41 | Scroll of Town Portal |
| 17:11 | Immolation |
| 17:50 | Mana Burn |
| 18:21 | Druid of the Talon |
| 18:22 | Druid of the Talon |
| 19:02 | Nature's Blessing |
| 19:02 | Backpack |
| 19:03 | Hippogryph |
| 19:04 | Hippogryph |
| 19:04 | Hippogryph |
| 19:04 | Hippogryph |
| 19:04 | Hippogryph |
| 19:05 | Hippogryph |
| 19:07 | Scroll of Town Portal |
| 20:01 | Potion of Healing |
| 21:32 | Tree of Life |
| 22:29 | Scroll of Town Portal |
| 22:32 | Hippogryph |
| 22:32 | Hippogryph |
| 22:49 | Potion of Lesser Invulnerability |
| Right click | 855 |
| Select | 338 |
| Build/train/purchase | 104 |
| Use ability | 42 |
| Chat | 23 |
| Resource trade | 12 |
| Remove unit | 5 |
| Item give/drop | 3 |
| Minimap ping | 1 |


| Rod of Necromancy | 3 | 450 |
| Sacrificial Skull | 1 | 50 |
| Potion of Mana | 3 | 600 |
| Potion of Healing | 2 | 300 |
| Orb of Corruption | 1 | 375 |
| Dust of Appearance | 1 | 75 |
| Scroll of Town Portal | 3 | 1050 |
| Scroll of Healing | 3 | 750 |
| total: | 17 | 3650g |
| Acolyte | 12 | 900 | / | 0 |
| Ghoul | 2 | 240 | / | 0 |
| Crypt Fiend | 20 | 4300 | / | 800 |
| Obsidian Statue | 4 | 800 | / | 140 |
| Abomination | 5 | 1200 | / | 350 |
| total: | 43 | 7440g | / | 1290w |
| Spirit Tower | 5 | 725 | / | 200 |
| Crypt | 1 | 200 | / | 50 |
| Graveyard | 1 | 215 | / | 0 |
| Altar of Darkness | 1 | 180 | / | 50 |
| Ziggurat | 8 | 1200 | / | 400 |
| Tomb of Relics | 2 | 260 | / | 60 |
| Necropolis | 1 | 225 | / | 0 |
| Slaughterhouse | 3 | 420 | / | 405 |
| Halls of the Dead | 2 | 640 | / | 420 |
| Black Citadel | 2 | 650 | / | 460 |
| total: | 17 | 2700g | / | 965w |
| 0:02 | Acolyte |
| 0:02 | Acolyte |
| 0:03 | Crypt |
| 0:20 | Graveyard |
| 0:38 | Altar of Darkness |
| 0:47 | Ziggurat |
| 1:07 | Ghoul |
| 1:10 | Ghoul |
| 1:29 | Tomb of Relics |
| 1:46 | Ziggurat |
| 2:02 | Crypt Fiend |
| 2:23 | Crypt Fiend |
| 2:41 | Rod of Necromancy |
| 2:45 | Death Coil |
| 3:00 | Crypt Fiend |
| 3:06 | Acolyte |
| 3:46 | Halls of the Dead |
| 4:04 | Unholy Aura |
| 4:21 | Sacrificial Skull |
| 4:22 | Rod of Necromancy |
| 4:25 | Dust of Appearance |
| 4:39 | Ziggurat |
| 5:31 | Necropolis |
| 5:33 | Spirit Tower |
| 5:44 | Death Coil |
| 5:49 | Crypt Fiend |
| 6:19 | Burrow |
| 6:55 | Web |
| 7:17 | Frost Nova |
| 7:19 | Rod of Necromancy |
| 7:19 | Potion of Mana |
| 7:27 | Acolyte |
| 7:27 | Acolyte |
| 7:49 | Black Citadel |
| 7:53 | Slaughterhouse |
| 7:56 | Slaughterhouse |
| 8:07 | Cannibalize |
| 8:07 | Acolyte |
| 8:07 | Acolyte |
| 8:50 | Crypt Fiend |
| 9:07 | Crypt Fiend |
| 9:08 | Obsidian Statue |
| 9:26 | Dark Ritual |
| 9:59 | Crypt Fiend |
| 10:12 | Crypt Fiend |
| 10:13 | Ziggurat |
| 10:19 | Scroll of Town Portal |
| 10:21 | Potion of Healing |
| 10:23 | Orb of Corruption |
| 10:24 | Scroll of Healing |
| 10:26 | Scroll of Healing |
| 10:32 | Ziggurat |
| 10:41 | Crypt Fiend |
| 11:27 | Death Pact |
| 11:33 | Crypt Fiend |
| 11:40 | Acolyte |
| 11:41 | Acolyte |
| 11:42 | Ziggurat |
| 12:15 | Crypt Fiend |
| 12:17 | Obsidian Statue |
| 12:34 | Acolyte |
| 12:34 | Acolyte |
| 12:35 | Ziggurat |
| 12:37 | Tomb of Relics |
| 12:38 | Acolyte |
| 12:59 | Destroyer Form |
| 12:59 | Obsidian Statue |
| 13:03 | Creature Attack |
| 14:16 | Spirit Tower |
| 14:18 | Spirit Tower |
| 14:22 | Crypt Fiend |
| 14:25 | Improved Creature Attack |
| 14:25 | Creature Carapace |
| 14:32 | Frost Nova |
| 14:44 | Crypt Fiend |
| 15:28 | Crypt Fiend |
| 16:01 | Scroll of Town Portal |
| 16:03 | Scroll of Healing |
| 16:04 | Potion of Mana |
| 16:14 | Abomination |
| 16:15 | Disease Cloud |
| 16:24 | Slaughterhouse |
| 16:44 | Crypt Fiend |
| 16:47 | Abomination |
| 16:49 | Ziggurat |
| 16:50 | Unholy Armor |
| 17:29 | Abomination |
| 17:46 | Death Coil |
| 17:59 | Potion of Mana |
| 17:59 | Potion of Healing |
| 18:34 | Crypt Fiend |
| 18:36 | Crypt Fiend |
| 19:01 | Crypt Fiend |
| 19:02 | Abomination |
| 19:03 | Scroll of Town Portal |
| 19:20 | Crypt Fiend |
| 21:30 | Dark Ritual |
| 22:04 | Animate Dead |
| 22:13 | Crypt Fiend |
| 22:14 | Abomination |
| 22:29 | Obsidian Statue |
| 22:59 | Frost Nova |
| Right click | 1428 |
| Select group | 953 |
| Select | 427 |
| Build/train/purchase | 158 |
| Misc. action | 134 |
| Use ability | 64 |
| Assign group | 50 |
| Chat | 13 |
| Minimap ping | 2 |
| Item give/drop | 1 |
204 units @ 28.5k
/ 4.4k
88 buildings @ 12.6k
/ 5.2k


| Lesser Clarity Potion | 2 | 140 |
| Mechanical Critter | 2 | 100 |
| Scroll of Regeneration | 3 | 300 |
| Scroll of Town Portal | 2 | 700 |
| total: | 9 | 1240g |
| Peasant | 29 | 2175 | / | 0 |
| Footman | 4 | 540 | / | 0 |
| Rifleman | 18 | 3690 | / | 540 |
| Priest | 5 | 675 | / | 50 |
| Sorceress | 3 | 465 | / | 60 |
| Spell Breaker | 1 | 215 | / | 30 |
| total: | 60 | 7760g | / | 680w |
| Scout Tower | 3 | 90 | / | 60 |
| Arcane Tower | 2 | 140 | / | 100 |
| Altar of Kings | 1 | 180 | / | 50 |
| Farm | 11 | 880 | / | 220 |
| Barracks | 2 | 320 | / | 120 |
| Arcane Vault | 1 | 130 | / | 30 |
| Blacksmith | 2 | 280 | / | 120 |
| Town Hall | 1 | 385 | / | 205 |
| Arcane Sanctum | 2 | 300 | / | 280 |
| Keep | 1 | 320 | / | 210 |
| Castle | 1 | 360 | / | 210 |
| total: | 23 | 2565g | / | 1085w |
| 0:02 | Peasant |
| 0:02 | Peasant |
| 0:06 | Altar of Kings |
| 0:20 | Farm |
| 0:26 | Peasant |
| 0:33 | Peasant |
| 0:46 | Barracks |
| 0:53 | Peasant |
| 1:17 | Farm |
| 1:23 | Peasant |
| 1:24 | Peasant |
| 1:40 | Scout Tower |
| 1:55 | Arcane Vault |
| 2:03 | Footman |
| 2:07 | Summon Water Elemental |
| 2:28 | Footman |
| 2:35 | Peasant |
| 2:41 | Keep |
| 3:10 | Arcane Tower |
| 3:46 | Brilliance Aura |
| 4:50 | Blacksmith |
| 4:55 | Blacksmith |
| 5:00 | Footman |
| 5:01 | Footman |
| 5:03 | Lesser Clarity Potion |
| 5:04 | Mechanical Critter |
| 5:05 | Mechanical Critter |
| 5:28 | Farm |
| 5:29 | Farm |
| 5:42 | Farm |
| 6:37 | Castle |
| 6:51 | Town Hall |
| 7:05 | Rifleman |
| 7:05 | Rifleman |
| 7:08 | Scroll of Regeneration |
| 7:23 | Rifleman |
| 7:53 | Arcane Sanctum |
| 8:17 | Rifleman |
| 8:45 | Summon Water Elemental |
| 8:58 | Divine Shield |
| 9:15 | Long Rifles |
| 9:18 | Peasant |
| 9:18 | Peasant |
| 9:18 | Peasant |
| 9:18 | Peasant |
| 9:18 | Peasant |
| 10:22 | Peasant |
| 10:25 | Peasant |
| 10:25 | Peasant |
| 10:25 | Peasant |
| 10:25 | Peasant |
| 10:26 | Peasant |
| 10:31 | Farm |
| 10:32 | Farm |
| 10:34 | Farm |
| 11:35 | Rifleman |
| 11:36 | Rifleman |
| 11:44 | Priest |
| 11:45 | Priest |
| 12:05 | Scout Tower |
| 12:10 | Scout Tower |
| 12:18 | Rifleman |
| 12:19 | Priest |
| 12:24 | Arcane Sanctum |
| 12:46 | Arcane Tower |
| 13:12 | Priest |
| 13:15 | Rifleman |
| 13:15 | Rifleman |
| 14:05 | Rifleman |
| 14:09 | Farm |
| 14:09 | Farm |
| 14:10 | Farm |
| 15:05 | Rifleman |
| 15:05 | Rifleman |
| 15:07 | Priest |
| 15:08 | Sorceress |
| 15:35 | Rifleman |
| 15:39 | Barracks |
| 16:03 | Peasant |
| 16:03 | Peasant |
| 16:03 | Peasant |
| 16:03 | Peasant |
| 16:39 | Spell Breaker |
| 16:49 | Rifleman |
| 18:07 | Brilliance Aura |
| 18:18 | Rifleman |
| 18:23 | Rifleman |
| 18:25 | Holy Light |
| 18:34 | Peasant |
| 20:05 | Rifleman |
| 20:08 | Peasant |
| 20:08 | Peasant |
| 20:08 | Peasant |
| 20:09 | Peasant |
| 20:09 | Peasant |
| 20:12 | Scroll of Town Portal |
| 20:13 | Lesser Clarity Potion |
| 20:20 | Scroll of Regeneration |
| 20:38 | Sorceress |
| 22:07 | Rifleman |
| 22:18 | Scroll of Regeneration |
| 22:19 | Scroll of Town Portal |
| 22:23 | Sorceress |
| Right click | 961 |
| Select | 297 |
| Select group | 211 |
| Misc. action | 131 |
| Build/train/purchase | 118 |
| Assign group | 33 |
| Resource trade | 19 |
| Minimap ping | 12 |
| Use ability | 8 |
| Esc | 4 |
| Remove unit | 1 |
Mond1993
(22:41) : 

| Scroll of Regeneration | 5 | 500 |
| Potion of Healing | 5 | 750 |
| Lesser Clarity Potion | 1 | 70 |
| Orb of Fire | 1 | 325 |
| Scroll of Town Portal | 3 | 1050 |
| Boots of Speed | 1 | 250 |
| total: | 16 | 2945g |
| Peasant | 16 | 1200 | / | 0 |
| Footman | 14 | 1890 | / | 0 |
| Mortar Team | 8 | 1440 | / | 560 |
| Rifleman | 1 | 205 | / | 30 |
| Flying Machine | 18 | 1800 | / | 540 |
| Knight | 1 | 245 | / | 60 |
| Forest Troll Shadow Priest | 1 | 195 | / | 10 |
| Forest Troll Berserker | 1 | 245 | / | 30 |
| total: | 60 | 7220g | / | 1230w |
| Scout Tower | 3 | 90 | / | 60 |
| Guard Tower | 2 | 140 | / | 100 |
| Arcane Tower | 1 | 70 | / | 50 |
| Altar of Kings | 1 | 180 | / | 50 |
| Barracks | 1 | 160 | / | 60 |
| Farm | 8 | 640 | / | 160 |
| Lumber Mill | 2 | 240 | / | 0 |
| Arcane Vault | 1 | 130 | / | 30 |
| Town Hall | 1 | 385 | / | 205 |
| Blacksmith | 1 | 140 | / | 60 |
| Workshop | 3 | 420 | / | 420 |
| Keep | 1 | 320 | / | 210 |
| Castle | 1 | 360 | / | 210 |
| total: | 21 | 2385g | / | 1045w |
| 0:02 | Peasant |
| 0:03 | Peasant |
| 0:06 | Altar of Kings |
| 0:12 | Barracks |
| 0:21 | Farm |
| 0:30 | Peasant |
| 0:38 | Peasant |
| 0:53 | Farm |
| 0:53 | Farm |
| 1:00 | Peasant |
| 1:13 | Peasant |
| 1:16 | Footman |
| 1:23 | Peasant |
| 1:23 | Peasant |
| 1:31 | Peasant |
| 1:36 | Footman |
| 1:42 | Farm |
| 1:49 | Peasant |
| 1:56 | Peasant |
| 2:11 | Footman |
| 2:15 | Summon Water Elemental |
| 2:27 | Lumber Mill |
| 2:29 | Peasant |
| 2:49 | Lumber Mill |
| 2:56 | Arcane Vault |
| 3:03 | Scout Tower |
| 3:06 | Scout Tower |
| 3:10 | Brilliance Aura |
| 3:28 | Town Hall |
| 3:32 | Scout Tower |
| 3:52 | Guard Tower |
| 3:56 | Footman |
| 4:01 | Improved Lumber Harvesting |
| 4:03 | Peasant |
| 4:19 | Guard Tower |
| 4:36 | Arcane Tower |
| 4:49 | Summon Water Elemental |
| 4:59 | Peasant |
| 5:01 | Scroll of Regeneration |
| 5:01 | Scroll of Regeneration |
| 5:06 | Peasant |
| 5:25 | Keep |
| 5:38 | Boots of Speed |
| 5:43 | Blacksmith |
| 5:44 | Farm |
| 6:02 | Defend |
| 6:02 | Footman |
| 6:26 | Footman |
| 6:38 | Forest Troll Shadow Priest |
| 6:38 | Forest Troll Berserker |
| 6:48 | Footman |
| 6:57 | Footman |
| 6:59 | Farm |
| 7:03 | Footman |
| 7:20 | Blizzard |
| 7:25 | Farm |
| 7:34 | Footman |
| 7:36 | Iron Forged Swords |
| 7:36 | Iron Plating |
| 7:38 | Farm |
| 7:53 | Advanced Lumber Harvesting |
| 8:13 | Workshop |
| 8:15 | Peasant |
| 8:46 | Workshop |
| 9:11 | Workshop |
| 9:14 | Flame Strike |
| 9:55 | Mortar Team |
| 10:11 | Mortar Team |
| 10:27 | Footman |
| 11:11 | Rifleman |
| 11:23 | Mortar Team |
| 11:27 | Castle |
| 11:27 | Footman |
| 11:27 | Footman |
| 11:28 | Footman |
| 12:17 | Mortar Team |
| 12:28 | Potion of Healing |
| 12:29 | Scroll of Regeneration |
| 12:29 | Potion of Healing |
| 12:39 | Black Gunpowder |
| 13:41 | Flying Machine |
| 13:42 | Flak Cannons |
| 13:53 | Flying Machine |
| 14:00 | Scroll of Town Portal |
| 14:01 | Potion of Healing |
| 14:18 | Flying Machine |
| 14:23 | Flying Machine |
| 14:50 | Fragmentation Shards |
| 14:54 | Flying Machine |
| 14:54 | Flying Machine |
| 15:14 | Siphon Mana |
| 15:32 | Knight |
| 15:45 | Mortar Team |
| 16:07 | Mortar Team |
| 16:21 | Flying Machine |
| 16:42 | Flying Machine |
| 17:03 | Blizzard |
| 18:13 | Flying Machine |
| 18:15 | Refined Gunpowder |
| 18:22 | Scroll of Town Portal |
| 18:22 | Scroll of Regeneration |
| 18:22 | Potion of Healing |
| 18:24 | Lesser Clarity Potion |
| 18:31 | Orb of Fire |
| 18:42 | Mortar Team |
| 19:03 | Mortar Team |
| 19:04 | Animal War Training |
| 20:02 | Flying Machine |
| 20:13 | Scroll of Town Portal |
| 20:14 | Scroll of Regeneration |
| 20:22 | Potion of Healing |
| 20:24 | Backpack |
| 20:27 | Flying Machine |
| 20:37 | Flying Machine |
| 20:43 | Flying Machine |
| 20:55 | Flying Machine |
| 22:06 | Flying Machine |
| 22:13 | Flying Machine |
| 22:29 | Flying Machine |
| 22:40 | Flying Machine |
| Right click | 1242 |
| Select group | 652 |
| Select | 615 |
| Assign group | 204 |
| Build/train/purchase | 155 |
| Minimap ping | 57 |
| Use ability | 45 |
| Resource trade | 36 |
| Misc. action | 24 |
| Esc | 4 |

| Healing Salve | 5 | 500 |
| Lesser Clarity Potion | 9 | 630 |
| Orb of Lightning | 1 | 375 |
| Scroll of Town Portal | 4 | 1400 |
| Boots of Speed | 1 | 250 |
| total: | 20 | 3155g |
| Peon | 10 | 750 | / | 0 |
| Wind Rider | 3 | 795 | / | 120 |
| Raider | 5 | 900 | / | 200 |
| Troll Batrider | 22 | 3520 | / | 880 |
| Kodo Beast | 1 | 255 | / | 60 |
| total: | 41 | 6220g | / | 1260w |
| Watch Tower | 4 | 440 | / | 320 |
| Altar of Storms | 2 | 360 | / | 100 |
| Orc Burrow | 7 | 1120 | / | 280 |
| Voodoo Lounge | 2 | 260 | / | 60 |
| War Mill | 3 | 615 | / | 0 |
| Great Hall | 3 | 1155 | / | 555 |
| Beastiary | 4 | 580 | / | 560 |
| Stronghold | 1 | 315 | / | 190 |
| Fortress | 2 | 650 | / | 380 |
| total: | 25 | 4530g | / | 1875w |
| 0:04 | Altar of Storms |
| 0:05 | Peon |
| 0:05 | Peon |
| 0:07 | Altar of Storms |
| 0:21 | Orc Burrow |
| 0:26 | Peon |
| 0:52 | Voodoo Lounge |
| 0:54 | Peon |
| 1:00 | Peon |
| 1:32 | Peon |
| 2:01 | Peon |
| 2:09 | Wind Walk |
| 2:10 | Healing Salve |
| 2:11 | Lesser Clarity Potion |
| 2:38 | Stronghold |
| 2:52 | Healing Salve |
| 2:53 | Lesser Clarity Potion |
| 3:17 | War Mill |
| 3:20 | Orc Burrow |
| 4:59 | Watch Tower |
| 5:02 | Beastiary |
| 5:07 | Beastiary |
| 5:22 | Boots of Speed |
| 5:32 | Pillage |
| 5:55 | Critical Strike |
| 6:11 | Great Hall |
| 6:16 | Wind Rider |
| 6:17 | Wind Rider |
| 6:29 | Wind Rider |
| 6:38 | Orc Burrow |
| 6:44 | Orc Burrow |
| 7:18 | Orc Burrow |
| 7:21 | Orc Burrow |
| 7:36 | Watch Tower |
| 8:14 | Orc Burrow |
| 9:01 | Raider |
| 9:01 | Raider |
| 9:04 | Beastiary |
| 9:08 | Beastiary |
| 9:30 | Ensnare |
| 9:46 | Lesser Clarity Potion |
| 9:48 | Fortress |
| 10:28 | Raider |
| 11:07 | Raider |
| 11:19 | Troll Batrider |
| 11:29 | Troll Batrider |
| 11:34 | Troll Batrider |
| 11:34 | Troll Batrider |
| 11:46 | Troll Batrider |
| 11:52 | War Mill |
| 12:35 | Troll Batrider |
| 12:39 | Wind Walk |
| 12:41 | Healing Salve |
| 12:42 | Lesser Clarity Potion |
| 12:42 | Scroll of Town Portal |
| 12:45 | Lesser Clarity Potion |
| 12:45 | Orb of Lightning |
| 12:49 | Troll Batrider |
| 12:57 | War Mill |
| 12:58 | Peon |
| 12:58 | Peon |
| 12:58 | Peon |
| 13:41 | Troll Batrider |
| 14:25 | Lesser Clarity Potion |
| 14:25 | Healing Salve |
| 14:30 | Scroll of Town Portal |
| 14:48 | Steel Ranged Weapons |
| 14:51 | Troll Batrider |
| 15:24 | Troll Batrider |
| 15:35 | Troll Batrider |
| 15:35 | Troll Batrider |
| 15:56 | Critical Strike |
| 16:05 | Great Hall |
| 16:08 | Troll Batrider |
| 16:08 | Liquid Fire |
| 16:09 | Troll Batrider |
| 16:14 | Troll Batrider |
| 17:00 | Troll Batrider |
| 17:35 | Lesser Clarity Potion |
| 17:35 | Scroll of Town Portal |
| 18:07 | Troll Batrider |
| 18:10 | Watch Tower |
| 18:13 | Reinforced Defenses |
| 18:24 | Watch Tower |
| 19:25 | Great Hall |
| 19:43 | Troll Batrider |
| 20:11 | Raider |
| 20:15 | Troll Batrider |
| 20:15 | Troll Batrider |
| 20:18 | Troll Batrider |
| 21:05 | Lesser Clarity Potion |
| 21:05 | Scroll of Town Portal |
| 21:08 | Healing Salve |
| 21:14 | Voodoo Lounge |
| 21:45 | Kodo Beast |
| 22:31 | Lesser Clarity Potion |
| 22:37 | Troll Batrider |
| Right click | 839 |
| Select | 448 |
| Build/train/purchase | 116 |
| Use ability | 65 |
| Misc. action | 32 |
| Select group | 25 |
| Minimap ping | 16 |
| Remove unit | 4 |
| Resource trade | 4 |
| Assign group | 3 |
| Item give/drop | 1 |



| Rod of Necromancy | 1 | 150 |
| Potion of Healing | 2 | 300 |
| Orb of Corruption | 1 | 375 |
| Scroll of Town Portal | 4 | 1400 |
| Circlet of Nobility | 1 | 175 |
| Potion of Lesser Invulnerability | 1 | 150 |
| Healing Salve | 1 | 100 |
| total: | 11 | 2650g |
| Acolyte | 12 | 900 | / | 0 |
| Crypt Fiend | 10 | 2150 | / | 400 |
| Ghoul | 13 | 1560 | / | 0 |
| Obsidian Statue | 2 | 400 | / | 70 |
| Frost Wyrm | 6 | 2310 | / | 720 |
| total: | 43 | 7320g | / | 1190w |
| Spirit Tower | 2 | 290 | / | 80 |
| Graveyard | 1 | 215 | / | 0 |
| Crypt | 1 | 200 | / | 50 |
| Altar of Darkness | 1 | 180 | / | 50 |
| Tomb of Relics | 1 | 130 | / | 30 |
| Ziggurat | 10 | 1500 | / | 500 |
| Necropolis | 2 | 450 | / | 0 |
| Slaughterhouse | 1 | 140 | / | 135 |
| Boneyard | 2 | 350 | / | 400 |
| Halls of the Dead | 1 | 320 | / | 210 |
| Black Citadel | 1 | 325 | / | 230 |
| total: | 19 | 3165g | / | 1165w |
| 0:06 | Graveyard |
| 0:08 | Crypt |
| 0:20 | Altar of Darkness |
| 0:27 | Tomb of Relics |
| 0:34 | Ziggurat |
| 0:37 | Acolyte |
| 0:37 | Acolyte |
| 0:58 | Acolyte |
| 1:28 | Crypt Fiend |
| 1:50 | Crypt Fiend |
| 2:11 | Ziggurat |
| 2:27 | Rod of Necromancy |
| 2:29 | Death Coil |
| 2:38 | Ghoul |
| 3:25 | Crypt Fiend |
| 3:28 | Unholy Aura |
| 3:30 | Acolyte |
| 4:21 | Necropolis |
| 4:25 | Ghoul |
| 4:25 | Ghoul |
| 4:25 | Ghoul |
| 4:27 | Ghoul |
| 4:54 | Death Coil |
| 5:13 | Halls of the Dead |
| 5:43 | Crypt Fiend |
| 5:43 | Crypt Fiend |
| 5:58 | Acolyte |
| 5:58 | Acolyte |
| 5:58 | Acolyte |
| 5:58 | Acolyte |
| 6:30 | Acolyte |
| 6:41 | Ziggurat |
| 6:42 | Ziggurat |
| 6:50 | Acolyte |
| 7:01 | Crypt Fiend |
| 7:46 | Spirit Tower |
| 7:59 | Black Citadel |
| 8:44 | Frost Nova |
| 9:15 | Acolyte |
| 9:15 | Acolyte |
| 9:18 | Burrow |
| 9:18 | Web |
| 9:46 | Ghoul |
| 9:46 | Ghoul |
| 9:47 | Ghoul |
| 9:47 | Ghoul |
| 9:47 | Ghoul |
| 9:49 | Ghoul |
| 10:14 | Slaughterhouse |
| 11:02 | Ziggurat |
| 11:09 | Scroll of Town Portal |
| 11:09 | Circlet of Nobility |
| 11:11 | Potion of Lesser Invulnerability |
| 11:14 | Ghoul |
| 11:26 | Obsidian Statue |
| 11:27 | Obsidian Statue |
| 11:36 | Ghoul |
| 11:54 | Boneyard |
| 11:56 | Potion of Healing |
| 11:56 | Orb of Corruption |
| 12:08 | Sleep |
| 12:36 | Destroyer Form |
| 12:40 | Spirit Tower |
| 12:44 | Ziggurat |
| 12:44 | Ziggurat |
| 12:54 | Scroll of Town Portal |
| 13:03 | Boneyard |
| 13:12 | Crypt Fiend |
| 13:12 | Crypt Fiend |
| 13:26 | Ziggurat |
| 13:32 | Creature Attack |
| 13:32 | Creature Carapace |
| 13:44 | Ziggurat |
| 13:44 | Ziggurat |
| 14:11 | Necropolis |
| 14:57 | Frost Wyrm |
| 15:03 | Frost Armor |
| 15:51 | Unholy Aura |
| 15:56 | Frost Wyrm |
| 16:01 | Frost Wyrm |
| 16:10 | Carrion Swarm |
| 16:28 | Improved Creature Attack |
| 17:08 | Scroll of Town Portal |
| 17:26 | Potion of Healing |
| 18:37 | Advanced Creature Attack |
| 18:53 | Scroll of Town Portal |
| 18:55 | Healing Salve |
| 19:32 | Frost Nova |
| 19:54 | Frost Wyrm |
| 19:57 | Freezing Breath |
| 20:00 | Sleep |
| 20:38 | Frost Wyrm |
| 21:32 | Crypt Fiend |
| 21:33 | Crypt Fiend |
| 21:50 | Death Coil |
| 22:54 | Frost Wyrm |
| Right click | 887 |
| Select | 247 |
| Select group | 245 |
| Build/train/purchase | 100 |
| Assign group | 90 |
| Use ability | 66 |
| Resource trade | 17 |
| Minimap ping | 6 |
| Item give/drop | 3 |
| Remove unit | 3 |
⇛